 Dungeon Crawl Stone Soup version 0.25.0-10-g039870ee82 (webtiles) character file.

Game seed: 14288551991560675751

56 Lekan the Ruffian (level 3, -4/28 HPs)
             Began as a Draconian Transmuter on June 22, 2020.
             Hit by a boomerang thrown by an orc (6 damage)
             ... on level 3 of the Dungeon.
             The game lasted 00:09:08 (2640 turns).

Lekan the Ruffian (Draconian Transmuter)            Turns: 2640, Time: 00:09:08

Health: -4/28      AC:  5    Str: 13    XL:     3   Next: 69%
Magic:  4/6        EV: 12    Int: 13    God:
Gold:   90         SH:  0    Dex: 11    Spells: 2/6 levels left

rFire    . . .     SeeInvis .   i - +1 dagger (venom)
rCold    . . .     Gourm    .   (no shield)
rNeg     . . .     Faith    .   (armour unavailable)
rPois    .         Spirit   .   (helmet restricted)
rElec    .         Reflect  .   (no cloak)
rCorr    .         Harm     .   (no gloves)
MR       .....                  (no boots)
Stlth    +.........             (no amulet)
HPRegen  0.09/turn              (no ring)
MPRegen  0.10/turn              (no ring)

@: no status effects
A: unfitting armour, cold-blooded, AC +5
a: no special abilities


You were on level 3 of the Dungeon.
You were hungry.

You visited 1 branch of the dungeon, and saw 3 of its levels.

You collected 90 gold pieces.

Inventory:

Hand Weapons
 i - a +1 dagger of venom (weapon)
Missiles
 a - 12 arrows
 g - 11 poisoned darts (quivered)
Armour
 n - a +0 buckler
Scrolls
 d - 5 scrolls of remove curse {unknown}
 e - 2 scrolls of identify {unknown}
 j - a scroll of enchant armour {unknown}
 o - a scroll of amnesia {unknown}
Potions
 b - a potion of degeneration {unknown}
 f - 4 potions of heal wounds {unknown}
 h - 2 potions of curing {unknown}
 k - a potion of invisibility {unknown}
 l - a potion of flight {unknown}
 m - a potion of cancellation {unknown}
Comestibles
 c - 2 rations


   Skills:
 + Level 1.2 Fighting
 + Level 0.3 Short Blades
 + Level 2.1 Dodging
 + Level 0.2 Stealth
 + Level 3.9 Unarmed Combat
 + Level 2.3 Spellcasting
 * Level 2.3 Transmutations


You had 2 spell levels left.
You knew the following spells:

 Your Spells              Type           Power        Failure   Level  Hunger
a - Beastly Appendage     Tmut           #.....       10%         1    #......
b - Spider Form           Tmut/Pois      #.........   41%         3    ###....

Your spell library contained the following spells:

 Spells                   Type           Power        Failure   Level  Hunger
 Sticks to Snakes         Tmut           #.......     14%         2    ###....
 Ice Form                 Ice/Tmut       #.......     83%         4    #####..
 Blade Hands              Tmut           #.........   95%         5    ######.


Dungeon Overview and Level Annotations

Branches:
Dungeon (3/15)

Altars:
Ashenzari
Dithmenos
Hepliaklqana
Trog

Annotations:
D:3 Grinder


Innate Abilities, Weirdness & Mutations

Your plain brown scales are hard. (AC +5)
You cannot fit into any form of body armour.
You are cold-blooded and may be slowed by cold attacks.


Message History

You feel a bit more experienced. x2; The bat barely misses you.
Grinder blinks!
Found a mace.
The bat misses you. The bat barely misses you. The bat misses you.
You hit the bat.
The bat is poisoned.
The bat is severely wounded.
Your transformation has ended.
Your +1 dagger of venom unmelds from your body.
Your +1 dagger of venom begins to drip with poison!
The bat hits you.
* * * LOW HITPOINT WARNING * * *
You kill the bat!
The orc throws a boomerang.
The boomerang hits you.
* * * LOW HITPOINT WARNING * * *
The weapon returns to the orc!
The orc throws a boomerang.
The boomerang misses you.
The weapon returns to the orc!
Grinder blinks!
The orc throws a boomerang.
The boomerang hits you.
You die...

###..###.#.###
..........##< #.
#..###..##. #.#
#.......... #.#
#...##..##. ..#
#...##..##. #.#
#...##..##. ..#.######.#
#...##..##.
.......@.#o###...##..##.
#.#.####.#.o.o.......##.
#.#.###...##..##.
##.#.##...!.......
#..o.......##..##.
#..ยง........# .#
.)l....##...#.# #
#.................
#####....##...#.#..


You could see an orc.

Vanquished Creatures
  An adder (D:2)
  An ooze (D:1)
  A leopard gecko (D:1)
  2 orcs (D:3)
  A ball python (D:2)
  3 bats
  A giant cockroach (D:1)
  4 hobgoblins
  2 jackals (D:1)
  6 kobolds
  A quokka (D:2)
  3 frilled lizards
  4 goblins
  8 rats
38 creatures vanquished.

Notes
Turn   | Place    | Note
-------+----------+-------------------------------------------
     0 | D:1      | Lekan the Draconian Transmuter began the quest for the Orb.
     0 | D:1      | Reached XP level 1. HP: 16/16 MP: 3/3
   369 | D:1      | Reached XP level 2. HP: 12/23 MP: 3/5
  1395 | D:2      | Reached XP level 3. HP: 25/28 MP: 4/6
  1429 | D:2      | Learned a level 3 spell: Spider Form
  1528 | D:2      | Noticed a moth of wrath
  1531 | D:2      | Found a bloodstained altar of Trog.
  1890 | D:2      | Found a shattered altar of Ashenzari.
  2070 | D:2      | Found a shadowy altar of Dithmenos.
  2074 | D:2      | Noticed a shadow
  2076 | D:2      | Found a hazy altar of Hepliaklqana.
  2621 | D:3      | Noticed Grinder
  2640 | D:3      | Hit by a boomerang thrown by an orc

Illustrated notes

Levels and vault maps discovered:
D:1:      minmay_arrival_doors, layout_basic, minmay_pentomino_w2
D:2:      layout_basic, riverfiend_overflow_shadow_ancestor,
          evilmike_ruin_ashenzari, tgw_trog, serial_bayou_lake_a
D:3:      kennysheep_the_goblin_king, layout_basic,
          eat_drink_and_be_merry_uskayaw, nicolae_overflow_hidden_temple,
          nicolae_gozag_zags_fifth_avenue, uniq_natasha, uniq_grinder

Skill      XL: |  1  2 |
---------------+-------+-----
Dodging        | 2 |  2.1
Fighting       | |  1.2
Short Blades   | |  0.3
Stealth        | |  0.2
Unarmed Combat | |  3.9
Spellcasting   | |  2.3
Transmutations | |  2.3

Action                   || total
-------------------------++-------
Melee: Dagger            ||    97
       Unarmed           ||    13
       Tailslap          ||    16
       Kick              ||     4
       Punch             ||     1
       Headbutt          ||     1
 Cast: Beastly Appendage ||    11
       Spider Form       ||     2
  Eat: Chunk             ||     5
Armor: Skin              ||    33
Dodge: Dodged            ||   104
